 Dungeon Crawl Stone Soup version 0.12-a0-2088-g13ef564 (console) character file.

196 vogonpoet the Ruffian (level 4, -2/37 HPs)
             Began as a Ghoul Monk on Feb 7, 2013.
             Slain by an iguana (12 damage)
             ... on Level 3 of the Dungeon.
             The game lasted 00:07:33 (2076 turns).

vogonpoet the Ruffian (Ghoul Monk)                  Turns: 2076, Time: 00:07:33

HP  -2/37        AC  2     Str 14      XL: 4   Next: 96%
MP   2/2         EV 12     Int  6      God:
Gold 83          SH  0     Dex 11      Spells:  0 memorised,  3 levels left

Res.Fire  : . . .   See Invis. : .     - Unarmed
Res.Cold  : + . .   Warding    : .   a - +0 robe
Life Prot.: + + +   Conserve   : .   (no shield)
Res.Poison: +       Res.Corr.  : .   (no helmet)
Res.Elec. : .       Clarity    : .   (no cloak)
Sust.Abil.: . .     Spirit.Shd : .   (no gloves)
Res.Mut.  : .       Stasis     : .   (no boots)
Res.Rott. : +       Ctrl.Telep.: .   (no amulet)
Saprovore : + + +   Flight     : .   (no ring)
                                     (no ring)

@: rotting, slightly resistant to hostile enchantments, fairly stealthy
A: rotting body, claws 1, carnivore 3, cold resistance 1, life protection 3,
poison resistance, saprovore 3, slow healing 1, torment resistance, unbreathing
a: no special abilities


You were on level 3 of the Dungeon.
You were not hungry.

You visited 1 branch of the dungeon, and saw 3 of its levels.

You collected 83 gold pieces.

Inventory:

Hand weapons
 r - a cursed -3,-2 short sword
Missiles
 b - 10 darts (quivered)
 c - 7 needles of slowing
 i - 27 sling bullets
 l - 45 stones
Armour
 a - a +0 robe (worn)
Comestibles
 f - a meat ration
 g - 2 chunks of kobold flesh
 q - a chunk of hobgoblin flesh
Scrolls
 j - 2 scrolls of amnesia {unknown}
 m - a scroll of enchant armour {unknown}
 n - 2 scrolls of magic mapping {unknown}
 p - a scroll of remove curse {unknown}
Jewellery
 h - an uncursed amulet of conservation {unknown}
 o - an uncursed amulet of stasis {unknown}
Potions
 d - 4 potions of curing {unknown}
 e - a potion of agility {unknown}
 k - a potion of invisibility {unknown}
 s - a potion of restore abilities {unknown}


   Skills:
 - Level 3.2 Fighting
 - Level 2.6 Dodging
 - Level 2.1 Stealth
 + Level 6.7 Unarmed Combat


You had 3 spell levels left.
You didn't know any spells.

Dungeon Overview and Level Annotations

Branches:
Dungeon (3/27)

Altars:

Annotations
D:2 Crazy Yiuf


Innate Abilities, Weirdness & Mutations

Your body is rotting away.
You have sharp fingernails.
You are carnivorous and can eat meat at any time.
Your flesh is cold resistant.
You are immune to negative energy.
Your system is resistant to poisons.
You thrive on rotten meat.
You heal slowly.
You are immune to unholy pain and torment.
You can survive without breathing.


Message History

Press: ? - help, Shift-Dir - straight line, f/p - iguana
Aim: an iguana You throw a dart.
The dart hits the iguana.
You barely miss the iguana. The iguana bites you.
You hit the iguana.
The iguana begins to bleed from its wounds!
You claw the iguana.
The iguana is moderately wounded.
The iguana bites you!
You hit the iguana.
The iguana is moderately wounded.
The iguana closely misses you.
You hit the iguana.
The iguana is severely wounded.
The iguana bites you!
* * * LOW HITPOINT WARNING * * *
You hit the iguana.
The iguana is severely wounded.
The iguana bites you!
You die...

#################
<..........((.(....
#.(.@l(# #......#
#......# #......#
#......# ###.####
#.# .
#######.#########
#.#
..................
...


You could see an iguana (bleeding).

Vanquished Creatures
  2 adders
  3 gnolls (D:2)
  An inept feature mimic (D:3)
  6 bats
  5 giant cockroaches
  11 goblins
  9 hobgoblins
  7 kobolds
  3 ball pythons
  5 giant newts
  A rat (D:2)
53 creatures vanquished.

Notes
Turn   | Place    | Note
--------------------------------------------------------------
     0 | D:1      | vogonpoet, the Ghoul Monk, began the quest for the Orb.
     0 | D:1      | Reached XP level 1. HP: 17/17 MP: 0/0
   133 | D:1      | Reached XP level 2. HP: 9/24 MP: 1/1
   288 | D:1      | Reached skill level 5 in Unarmed Combat
   634 | D:1      | Reached XP level 3. HP: 27/30 MP: 2/2
  1442 | D:2      | Reached skill level 6 in Unarmed Combat
  1442 | D:2      | Reached XP level 4. HP: 29/37 MP: 2/2
  1905 | D:2      | Noticed Crazy Yiuf
  2076 | D:3      | Slain by an iguana
